 Dungeon Crawl Stone Soup version 0.28-a0-834-g1a73be5ee4 (webtiles) character file.

Game seed: 12846659210621174277

4952 Grim the Fighter (level 10, -5/172 HPs)
             Began as an Ogre Berserker on Nov 11, 2021.
             Was a Priest of Trog.
             Slain by a boulder beetle (26 damage)
             ... on level 7 of the Dungeon.
             The game lasted 00:14:29 (8407 turns).

Grim the Fighter (Ogre Berserker)                   Turns: 8407, Time: 00:14:30

Health: -5/172     AC: 10    Str: 23      XL:     10   Next: 53%
Magic:  10/10      EV: 10    Int: 10      God:    Trog [***...]
Gold:   443        SH:  0    Dex: 20 (21) Spells: 9/9 levels left

rFire   . . .      SeeInvis .   h - +6 flail
rCold   . . .      Faith    .   (no shield)
rNeg    . . .      Spirit   .   I - +0 swamp dragon scales
rPois   +          Reflect  .   (helmet restricted)
rElec   .          Harm     .   q - +0 cloak
rCorr   .          Rampage  .   (gloves unavailable)
Will    +....                   (boots unavailable)
Stlth   ..........              o - amulet of regeneration
HPRegen 1.38/turn               C - +6 ring of dexterity
MPRegen 0.12/turn               y - +6 ring of dexterity

@: berserking, lethally poisoned (-5 -> -5), slowed
A: large, unfitting armour, tough skin 1, talons 1, deterioration 1, shaggy fur
1
a: Renounce Religion, Berserk, Trog's Hand


You were on level 7 of the Dungeon.
You worshipped Trog.
Trog was most pleased with you.
You visited 1 branch of the dungeon, and saw 7 of its levels.

You collected 443 gold pieces.

Inventory:

Hand Weapons
 a - a +0 mace
 h - a +6 flail (weapon)
 p - a +1 mace of protection
Missiles
 B - 2 boomerangs (quivered)
 E - a throwing net
 H - 3 large rocks
Armour
 b - a +0 animal skin
 q - a +0 cloak (worn)
 x - a +2 animal skin
 I - +0 swamp dragon scales (worn)
 J - a +0 troll leather armour
Jewellery
 o - an amulet of regeneration (around neck)
 y - a +6 ring of dexterity (right hand)
 A - a ring of magical power
 C - a +6 ring of dexterity (left hand)
Wands
 v - a wand of flame (29)
 z - a wand of acid (9)
 D - a wand of polymorph (6)
Scrolls
 c - 3 scrolls of silence
 e - 3 scrolls of immolation
 j - a scroll of holy word {unknown}
 l - 2 scrolls of enchant armour {unknown}
 m - a scroll of magic mapping {unknown}
 n - 2 scrolls of vulnerability {unknown}
 s - 2 scrolls of fog {unknown}
 t - 4 scrolls of teleportation
 w - a scroll of amnesia {unknown}
 F - a scroll of fear {unknown}
 G - a scroll of enchant weapon {unknown}
Potions
 d - 7 potions of curing
 f - a potion of resistance
 g - a potion of brilliance
 i - 2 potions of heal wounds
 k - 3 potions of haste
 r - a potion of might
 u - a potion of berserk rage


   Skills:
 + Level 12.1 Fighting
 * Level 11.7 Maces & Flails
 - Level 2.6 Dodging


You had 9 spell levels left.
You didn't know any spells.
Your spell library was empty.

Dungeon Overview and Level Annotations

Branches:
Dungeon (7/15)
 Temple: D:4-7

Altars:
Hepliaklqana

Shops:
D:1 (   D:3 *   D:4 :   D:5 *

Annotations:
D:7 exclusion: oklob sapling


Innate Abilities, Weirdness & Mutations

You are too large for most types of armour.
You have tough skin. (AC +1)
You have sharp toenails.
Your body sometimes deteriorates upon taking damage.
You are covered in fur. (AC +1)


Message History

You claw the boulder beetle, but do no damage.
You are engulfed in dark miasma.
You are more poisoned.
* * * LOW HITPOINT WARNING * * *
You feel the effects of Trog's Hand fading.
You feel extremely sick.
The boulder beetle bites you but does no damage.
A red film seems to cover your vision as you go berserk!
You feel yourself moving faster!
You feel mighty!
You feel extremely sick.
The boulder beetle bites you but does no damage.
You sock the boulder beetle!
You claw the boulder beetle, but do no damage.
The boulder beetle is lightly wounded.
You feel very sick. The boulder beetle bites you!
* * * LOW HITPOINT WARNING * * *
You hit the boulder beetle. You claw the boulder beetle!
The boulder beetle is moderately wounded.
You feel very sick. The boulder beetle bites you!
* * * LOW HITPOINT WARNING * * *
You completely miss the boulder beetle. You claw the boulder beetle.
The boulder beetle is moderately wounded.
You feel very sick.
The boulder beetle bites you but does no damage.
You hit the boulder beetle. You claw the boulder beetle!
The boulder beetle is heavily wounded.
Your skin stops crawling.
You feel less strong-willed.
You feel sick.
You hit the boulder beetle but do no damage.
You claw the boulder beetle, but do no damage.
The boulder beetle is heavily wounded.
You feel sick. The boulder beetle bites you.
* * * LOW HITPOINT WARNING * * *
You hit the boulder beetle.
You claw the boulder beetle, but do no damage.
The boulder beetle is severely wounded.
You feel sick. The boulder beetle bites you!!
You die...

#.....#♣.♣.........♣.♣#.♣♣♣.#..#
#..)..#♣.♣.♣♣♣♣♣♣♣†♣.♣#..♣..#..##
#.♣♣♣.#♣.♣.♣# ♣.♣.♣#♣.♣.♣#....
#♣.♣.♣#♣.♣.♣. ♣.♣.♣#.(#).#..##
..♣♣♣....♣.♣. ♣.♣....#.#.÷..#
#♣.♣.♣#♣♣♣.♣. ♣.♣.♣#..#..#..#
#.♣♣♣.# ♣)♣. ♣.♣.♣#♣.♣.♣#..#
#....)# ♣.♣.####♣.♣.♣#†.♣..#..#
#.....# ♣.♣...B@..♣.♣#.♣♣♣.#..#
#.....# ♣.♣♣♣♣♣♣♣♣♣..#..♣..#..#
#♣...♣# ♣.....).))...#♣.♣.♣#..#
#♣♣.♣♣ ♣♣♣♣♣.♣♣♣♣♣.§#♣♣.♣♣#..#
####### ##.## #########..#
......#♣♣♣♣♣♣...♣♣♣♣♣♣#........#
#..##.#♣.♣.♣.≈≈≈.♣.♣.♣#.########
......#......≈≈≈......#.#
P#..###♣.♣.♣.≈≈≈.♣.♣.♣#.#


You could see a boulder beetle.

Vanquished Creatures
  A cyclops (D:7)
  The ghost of puimuR the Cleaver, a novice HOMo of Trog (D:4)
  Maggie (D:7)
  A troll (D:7)
  Grinder (D:6)
  A slime creature (D:7)
  A snapping turtle (shapeshifter) (D:7)
  Sigmund (D:3)
  Edmund (D:6)
  5 water moccasins
  A black bear (D:5)
  A sky beast (D:7)
  An ice beast (D:7)
  A necrophage (D:6)
  4 ogres (D:6)
  3 phantoms
  A kobold brigand (D:7)
  A bullfrog (D:7)
  A gnoll sergeant (D:7)
  A scorpion (D:6)
  A wyvern skeleton (D:7)
  2 water moccasin zombies
  A killer bee (D:7)
  14 wights
  Crazy Yiuf (D:3)
  A jelly (D:7)
  2 hounds
  Jessica (D:3)
  3 iguanas
  2 orc wizards (D:7)
  A killer bee zombie (D:7)
  A howler monkey zombie (D:7)
  Robin (D:4)
  5 gnolls (D:7)
  7 adders
  A shadow imp (D:6)
  An adder skeleton (D:4)
  A dart slug (D:4)
  3 orcs
  3 endoplasms (D:2)
  3 giant cockroaches
  16 goblins
  9 hobgoblins
  7 jackals (D:3)
  9 kobolds
  2 quokkas
  4 ball pythons
  9 bats
  9 frilled lizards
  3 rats (D:2)
152 creatures vanquished.

Vanquished Creatures (others)
  4 plants (D:4)
4 creatures vanquished.

Grand Total: 156 creatures vanquished

Notes
Turn   | Place    | Note
-------+----------+-------------------------------------------
     0 | D:1      | Grim the Ogre Berserker began the quest for the Orb.
     0 | D:1      | Reached XP level 1. HP: 24/24 MP: 1/1
    38 | D:1      | Found a faded altar of an unknown god.
   411 | D:1      | Reached XP level 2. HP: 30/32 MP: 2/2
   966 | D:1      | Found Carph's Antique Weapon Boutique.
  1146 | D:1      | Reached XP level 3. HP: 37/40 MP: 3/3
  1386 | D:2      | Reached ** piety under Trog
  2488 | D:3      | Noticed Jessica
  2501 | D:3      | Killed Jessica
  2502 | D:3      | Reached XP level 4. HP: 37/49 MP: 4/4
  2725 | D:3      | Reached skill level 5 in Fighting
  2895 | D:3      | Found a runed translucent door.
  2896 | D:3      | Noticed Crazy Yiuf
  2904 | D:3      | Killed Crazy Yiuf
  3159 | D:3      | Reached XP level 5. HP: 57/57 MP: 5/5
  3252 | D:3      | Noticed Sigmund
  3261 | D:3      | Killed Sigmund
  3262 | D:3      | Reached skill level 6 in Fighting
  3262 | D:3      | Reached skill level 5 in Maces & Flails
  3262 | D:3      | Reached XP level 6. HP: 67/67 MP: 6/6
  3577 | D:3      | Found Toati's Assorted Antiques.
  3756 | D:4      | Noticed puimuR's ghost (novice HOMo)
  3758 | D:4      | Found a runed translucent door.
  4151 | D:4      | Found Goohigapp's Book Shoppe.
  4316 | D:4      | Noticed Robin
  4328 | D:4      | Reached *** piety under Trog
  4331 | D:4      | Killed Robin
  4332 | D:4      | Reached XP level 7. HP: 76/76 MP: 7/7
  5020 | D:4      | Killed puimuR's ghost
  5021 | D:4      | Reached skill level 7 in Fighting
  5056 | D:5      | Entered Level 5 of the Dungeon
  5408 | D:5      | Found Rawukk's Assorted Antiques.
  5419 | D:5      | Reached XP level 8. HP: 87/88 MP: 8/8
  5621 | D:5      | Reached skill level 8 in Fighting
  6007 | D:5      | Gained mutation: Your body sometimes deteriorates upon
                  | taking damage. [potion of mutation]
  6007 | D:5      | Gained mutation: You are covered in fur. (AC +1) [potion of
                  | mutation]
  6007 | D:5      | Gained mutation: You have sharp toenails. [potion of
                  | mutation]
  6370 | D:6      | Reached skill level 9 in Fighting
  6464 | D:6      | Found a faded altar of an unknown god.
  6466 | D:6      | Noticed Edmund
  6467 | D:6      | Found a hazy altar of Hepliaklqana.
  6487 | D:6      | Killed Edmund
  6488 | D:6      | Reached XP level 9. HP: 82/100 MP: 9/9
  7041 | D:6      | Noticed Grinder
  7046 | D:6      | Killed Grinder
  7047 | D:6      | Reached skill level 10 in Fighting
  7457 | D:7      | Reached skill level 10 in Maces & Flails
  7858 | D:7      | Reached skill level 11 in Fighting
  7864 | D:7      | Noticed a cyclops
  7868 | D:7      | Reached XP level 10. HP: 106/113 MP: 10/10
  7873 | D:7      | Killed a cyclops
  7926 | D:7      | Noticed Maggie
  7937 | D:7      | Killed Maggie
  8289 | D:7      | Reached **** piety under Trog
  8324 | D:7      | Reached skill level 12 in Fighting
  8371 | D:7      | Noticed a boulder beetle
  8382 | D:7      | Noticed a death drake
  8396 | D:7      | a death drake changed into a snapping turtle
  8407 | D:7      | Slain by a boulder beetle

Illustrated notes

Levels and vault maps discovered:
D:1:      dpeg_arrival_tiny_b, layout_loops_cross, serial_shops,
          nicolae_lakefront_shop, dreamdust_ecumenical_altar_statues,
          ebering_dispersal_statue_hall, minmay_pentomino_s4
D:2:      layout_loops_ring
D:3:      layout_basic, serial_shops, nicolae_shop_window_shopping,
          uniq_sigmund, uniq_jessica, uniq_crazy_yiuf_cottage
D:4:      layout_basic, serial_shops, nicolae_lakefront_shop,
          ebering_ghost_sewer_d, minmay_lizard_king, uniq_robin
D:5:      layout_rooms, serial_shops, shop_fountains, small_statue_intersection
D:6:      layout_loops_ring, beargit_hepliaklqana_dungeon_heroes, uniq_grinder
D:7:      nzn_winding_woodlands_cross [nzn_winding_woodlands_5x15_twine,
          nzn_winding_woodlands_5x15_lazy_stream,
          nzn_winding_woodlands_5x15_pool, nzn_winding_woodlands_5x15_parted,
          nzn_winding_woodlands_15x15_boxy_spiral], layout_basic,
          minmay_temple_entry_oklob, uniq_maggie

Skill      XL: |  1  2  3  4  5  6  7  8  9 10 |
---------------+-------------------------------+-----
Maces & Flails | 3 4 5 7 9 10 11 | 11.7
Fighting       | 5 6 7 9 11 12 | 12.1
Dodging        | |  2.6

Action                   |  1- 3 |  4- 6 |  7- 9 | 10-12 || total
-------------------------+-------+-------+-------+-------++-------
Melee: Mace              |   123 |   116 |   160 |       ||   399
       Kick              |       |       |    40 |    48 ||    88
       Flail             |       |       |    72 |    77 ||   149
Invok: Berserk           |     1 |     4 |     7 |     2 ||    14
       Trog's Hand       |       |       |     2 |     1 ||     3
  Use: Scroll            |       |       |    10 |       ||    10
       Potion            |       |       |     1 |     1 ||     2
 Stab: Sleeping          |       |       |     1 |     1 ||     2
       Distracted        |       |       |       |     1 ||     1
Armor: Animal skin       |    46 |    57 |    82 |     3 ||   188
       Swamp dragon scal |       |       |       |    21 ||    21
Dodge: Dodged            |    87 |    72 |   115 |    21 ||   295

Table legend: (Time is in decaauts)
 A = Elapsed time spent in this place.
 B = Non-inter-level travel time spent in this place.
 C = Inter-level travel time spent in this place.
 D = Time resting spent in this place.
 E = Time spent auto-exploring this place.
 F = Levels seen in this place.
 G = Mean time per level.
                   A        B        C        D        E       F      G
               +--------+--------+--------+--------+--------+-----+--------+
         Total |   8573 |   8384 |    189 |   2626 |   4546 |   7 | 1224.7 |
       Dungeon |   8573 |   8384 |    189 |   2626 |   4546 |   7 | 1224.7 |
               +--------+--------+--------+--------+--------+-----+--------+

Top non-repeatable levels by time:
     D:4: 1452 daAuts
     D:6: 1354 daAuts
     D:1: 1343 daAuts
     D:7: 1310 daAuts
     D:3: 1189 daAuts
     D:2: 1164 daAuts
     D:5: 758 daAuts
